 Dungeon Crawl Stone Soup version 0.25.0-26-g0c896c7088 (webtiles) character file.

Game seed: 177495662561385461

442507 Luthien the Devastator (level 24, -10/157 HPs)
             Began as a Gargoyle Conjurer on June 27, 2020.
             Was the Champion of Vehumet.
             Killed from afar by a fire dragon (14 damage)
             ... with a blast of flame
             ... on level 5 of the Depths on July 4, 2020.
             The game lasted 11:27:49 (80685 turns).

Luthien the Devastator (Gargoyle Conjurer)         Turns: 80685, Time: 11:27:49

Health: -10/157    AC: 43    Str: 18 (19) XL:     24   Next: 41%
Magic:  8/41       EV: 11    Int: 31      God:    Vehumet [******]
Gold:   1561       SH:  9    Dex:  9 (10) Spells: 19/51 levels left

rFire    + + .     SeeInvis +   a - +7 scimitar "Wextayw" {protect, *Corrode rF- rC+++ MR+++}
rCold    + + .     Gourm    .   H - +2 buckler {rN+}
rNeg     + + +     Faith    .   j - +0 fire dragon scales
rPois    ∞         Spirit   .   A - +1 helmet of the Onion {+Blink}
rElec    +         Reflect  .   P - +2 cloak
rCorr    .         Harm     .   F - +2 pair of gloves
MR       +++++     Rnd*Tele +   G - +0 pair of boots of the Will of the Gods {Str+4 SInv}
Stlth    +.........             O - amulet "Tonwet Ipie" {rF+ Regen+}
HPRegen  0.76/turn              p - +6 ring of intelligence
MPRegen  0.27/turn              J - ring of positive energy

@: flying, hasted, studying Armour, very quick
A: big wings, talons 1, iridescent scales 1, deterioration 1, magic resistance
1, negative energy resistance 1, screaming 2, electricity resistance,
teleportitis 1, unbreathing, petrification resistance, rot immunity, AC +18
}: 1/15 runes: decaying
a: Stop Flying, Renounce Religion, Evoke Blink


You were on level 5 of the Depths.
You worshipped Vehumet.
Vehumet was exalted by your worship.
You were very hungry.

You visited 11 branches of the dungeon, and saw 47 of its levels.
You visited 1 bazaar.
You also visited: Sewer, Gauntlet, Volcano and Desolation.

You collected 8733 gold pieces.
You spent 7172 gold pieces at shops.

Inventory:

Hand Weapons
 a - the +7 scimitar "Wextayw" (weapon) {protect, *Corrode rF- rC+++ MR+++}
   (You found it on level 5 of the Lair of Beasts)

   It grants its wielder temporary protection when it strikes (+7 to AC).
   It makes you vulnerable to fire.
   It renders you almost immune to cold.
   It affects your resistance to hostile enchantments.
   It may corrode you when you take damage.
Missiles
 k - 989 bolts
 l - 1230 arrows
 m - 35 boomerangs
 n - 359 sling bullets
 o - 15 silver boomerangs
 q - 20 javelins
 s - 10 large rocks
 t - 3 boomerangs of dispersal
 v - 6 throwing nets
 x - 1354 stones (quivered)
 Q - 6 atropa-tipped darts
 V - 119 poisoned darts
Armour
 j - +0 fire dragon scales (worn)
 A - the +1 helmet of the Onion (worn) {+Blink}
   (You found it on level 2 of the Vaults)

   It lets you blink.
 F - a +2 pair of gloves (worn)
 G - the +0 pair of boots of the Will of the Gods (worn) {Str+4 SInv}
   (You bought it in a shop on level 1 of the Vaults)

   It affects your strength (+4).
   It lets you see invisible.
 H - a +2 buckler of positive energy (worn)
 P - a +2 cloak (worn)
Jewellery
 p - a +6 ring of intelligence (left hand)
 J - a ring of positive energy (right hand)
 O - the amulet "Tonwet Ipie" (around neck) {rF+ Regen+}
   (You found it on level 15 of the Dungeon)

   [amulet of regeneration]

   It protects you from fire.
   It increases your rate of regeneration.
Wands
 f - a wand of flame (117)
 D - a wand of digging (6)
 N - a wand of iceblast (23)
 W - a wand of disintegration (14)
Scrolls
 e - a scroll of amnesia
 u - 2 scrolls of teleportation
 y - 14 scrolls of remove curse
 I - 6 scrolls of blinking
 T - 20 scrolls of identify
 Z - 6 scrolls of magic mapping
Potions
 d - 4 potions of resistance
 r - 6 potions of curing
 B - a potion of haste
 M - 9 potions of magic
 R - 4 potions of cancellation
 S - 2 potions of heal wounds
Books
 g - a manual of Armour
Miscellaneous
 b - a phantom mirror
 i - 2 boxes of beasts
 z - a lightning rod (4/4)
Comestibles
 c - 50 rations
 h - 2 chunks of flesh


   Skills:
 - Level 18.1 Fighting
 - Level 12.0 Armour
 - Level 5.0 Dodging
 - Level 5.0 Stealth
 - Level 14.1 Shields
 - Level 14.1 Spellcasting
 - Level 20.9 Conjurations
 - Level 5.0 Hexes
 - Level 8.1 Summonings
 - Level 3.0 Translocations
 + Level 20.2 Air Magic
 - Level 5.0 Evocations


You had 19 spell levels left.
You knew the following spells:

 Your Spells              Type           Power        Failure   Level  Hunger
a - Magic Dart            Conj           ####         0%          1    None
b - Searing Ray           Conj           ######       0%          2    None
i - Iskenderun's Mystic   Conj/Tloc      #######.     1%          4    None
p - Fulminant Prism       Conj/Hex       #######...   1%          4    None
A - Spellforged Servitor  Conj/Summ      #######...   4%          7    #####..
B - Chain Lightning       Conj/Air       #######...   2%          8    ######.
L - Conjure Ball Lightni  Conj/Air       #######...   1%          6    ###....

Your spell library contained the following spells:

 Spells                   Type           Power        Failure   Level  Hunger
 Lehudib's Crystal Spear  Conj/Erth      ######....   78%         8    ######.
 Absolute Zero            Ice            ###.......   100%        9    #######
 Static Discharge         Conj/Air       #######.     0%          3    None
 Apportation              Tloc           #####.       1%          1    None
 Corona                   Hex            ######.      1%          1    None
 Summon Butterflies       Summ           ######..     1%          1    None
 Call Imp                 Summ           ######..     1%          2    None
 Slow                     Hex            ######..     1%          2    None
 Call Canine Familiar     Summ           ######..     1%          3    None
 Conjure Flame            Conj/Fire      ######..     1%          3    None
 Dazzling Flash           Conj/Hex       ######       1%          3    None
 Mephitic Cloud           Conj/Pois/Air  #######.     1%          3    None
 Recall                   Summ/Tloc      N/A          1%          3    None
 Lightning Bolt           Conj/Air       #######...   1%          5    None
 Silence                  Hex/Air        #######...   1%          5    None
 Freezing Cloud           Conj/Ice/Air   #######...   1%          6    ###....
 Blink                    Tloc           N/A          2%          2    None
 Confusing Touch          Hex            ######..     2%          3    None
 Tukima's Dance           Hex            ######..     2%          3    None
 Ensorcelled Hibernation  Hex/Ice        #####.       3%          2    None
 Starburst                Conj/Fire      ######....   3%          6    ###....
 Gell's Gravitas          Tloc           #####.....   5%          3    None
 Lesser Beckoning         Tloc           #####.....   5%          3    None
 Animate Skeleton         Necr           N/A          6%          1    None
 Beastly Appendage        Tmut           ###...       6%          1    None
 Pain                     Necr           ###.         6%          1    None
 Sticks to Snakes         Tmut           ###.....     10%         2    None
 Summon Ice Beast         Ice/Summ       #####...     12%         4    None
 Summon Mana Viper        Hex/Summ       ######..     12%         5    None
 Yara's Violent Unravell  Hex/Tmut       #####.....   17%         5    None
 Spider Form              Tmut/Pois      ###.......   19%         3    None
 Shadow Creatures         Summ           N/A          34%         6    ###....
 Tornado                  Air            #######...   36%         9    #######
 Animate Dead             Necr           N/A          54%         4    None
 Dispel Undead            Necr           ###.....     54%         4    None
 Ice Form                 Ice/Tmut       ###.....     54%         4    None
 Petrify                  Tmut/Erth      ###.....     54%         4    None
 Metabolic Englaciation   Hex/Ice        #####.....   54%         5    None
 Darkness                 Hex            ######....   77%         6    ###....
 Invisibility             Hex            ######..     77%         6    ###....
 Agony                    Necr           ###.....     87%         5    None
 Alistair's Intoxication  Tmut/Pois      ###.....     87%         5    None
 Blade Hands              Tmut           ###.......   87%         5    None
 Borgnjor's Vile Clutch   Necr/Erth      ###.......   87%         5    None
 Summon Hydra             Summ           ######....   88%         7    #####..
 Ozocubu's Refrigeration  Ice            ###.......   90%         6    ###....
 Death Channel            Necr           ###.......   100%        6    ###....
 Simulacrum               Ice/Necr       ###.......   100%        6    ###....
 Disjunction              Tloc           #####.....   100%        8    ######.
 Ignition                 Fire           ###.......   100%        8    ######.
 Shatter                  Erth           ###.......   100%        9    #######


Dungeon Overview and Level Annotations

Branches:
Dungeon (15/15)            Temple (1/1) D:6            Lair (6/6) D:11
  Swamp (4/4) Lair:4       Spider (3/4) Lair:3        Slime (4/5) Lair:5
    Orc (2/2) D:11            Elf (2/3) Orc:2        Vaults (4/5) D:14
  Crypt (2/3) Vaults:3     Depths (3/5) D:15          Sewer (visited)
Volcano (visited)         Desolation (visited)      Gauntlet (visited)

Altars:
Ashenzari
Cheibriados
Dithmenos
Elyvilon
Hepliaklqana
Kikubaaqudgha
Makhleb
Nemelex Xobeh
Qazlal
Ru
Sif Muna
Trog
Uskayaw
Vehumet
Wu Jian
Xom
Yredelemnul
Zin
The Shining One
Beogh
Jiyva

Shops:
D:4 (}   D:7 !   D:15 (   Orc:2 !!![   Vaults:1 [   Vaults:2 }   Vaults:3 ??
Depths:5 *

Portals:
Hell: Depths:1 Depths:2
Abyss: Depths:3
Pandemonium: Depths:2
Ziggurat: Depths:2

Annotations:
D:14 1 runed translucent door, Zened's ghost, journeyman FoFi
Swamp:2 1 runed translucent door
Spider:2 1 runed translucent door, Reotenn's ghost, adept DDFi
Vaults:1 3 runed translucent doors, Ugguttuj's ghost, veteran DrWn
Vaults:2 1 runed translucent door, Guecedgh's ghost, veteran OpWn
Depths:3 1 runed translucent door


Innate Abilities, Weirdness & Mutations

You are resistant to torment.
Your stone body is resilient. (AC +18)
You are immune to poison.
Your large and strong wings let you fly indefinitely.
You resist negative energy. (rN+)
You are resistant to electric shocks. (rElec)
You can survive without breathing.
You are immune to petrification.
You are immune to rotting.
You have sharp toenails.
You are partially covered in iridescent scales. (AC +2)
Your body sometimes deteriorates upon taking damage.
You are resistant to hostile enchantments. (MR+)
You sometimes yell uncontrollably at your foes.
You are occasionally teleported next to monsters.


Message History

Unknown command.
Unknown command.
Unknown command.
You feel better.
A yaktaur comes into view.
The yaktaur wields a +0 arbalest.
The yaktaur shoots a bolt.
The bolt hits you but does no damage.
The yaktaur wields a +0 arbalest.
The yaktaur shoots a bolt.
You block the bolt.
Unknown command.
Unknown command.
Unknown command.
The deep troll earth mage points at you and mumbles some strange words.
You shatter.
* * * LOW HITPOINT WARNING * * *
The deep troll earth mage points at you and mumbles some strange words.
You shatter!
* * * LOW HITPOINT WARNING * * *
The fire dragon breathes flames at you. The blast of flame hits you!
You resist.
You die...

**,,,≈≈≈≈≈,.....................
*,,,≈≈≈........................
**,,,,,.≈≈≈....................
*,,,,,...............(.!......
**,**,..≈.....C....(....8.....
*,**,.≈≈....c.TT...p.......≈≈
*,,,,≈≈≈≈...T..T(........≈..≈
*,,,,.≈≈≈......E.........≈≈..
*,,,*.<.....@(.D......(..≈≈≈.
**,**....##.........≈≈≈≈...≈.
*,,*#,*#...≈.......≈≈≈≈≈≈...
**,**#..##.D.......≈≈≈≈≈≈≈.≈
*,,#..≈#..............≈≈≈,≈
**,#c,≈≈.............∩,,,,,
*,.,≈c≈≈....#.......,,,,,,
*,,,≈c#≈..........#**,,,,,
*,≈≈≈**≈≈,,,,*******,,,,,,


You could see a fire dragon (catching breath), an ice dragon, an ettin, a hell
knight, 2 deep trolls, 2 deep troll earth magi, 3 yaktaurs and a water
elemental.

Vanquished Creatures
  Mara (Swamp:4)
  Margery (Vaults:2)
  Saint Roka (Vaults:4)
  the Lernaean hydra (Swamp:4)
  A golden dragon (Depths:2)
  Arachne (Spider:2)
  Rupert (D:12)
  A lich (Vaults:4)
  A deep elf blademaster (Elf:2)
  8 acid blobs
  Gastronok (D:11)
  2 ancient champions
  A sphinx (Vaults:3)
  2 thorn hunters
  A storm dragon (Vaults:2)
  7 azure jellies
  A tengu reaver (Vaults:3)
  2 fire giants
  7 frost giants
  A deep elf sorcerer (Vaults:4)
  14 vault wardens
  A ghost moth (Spider:3)
  An orc warlord (Vaults:3)
  2 emperor scorpions
  An imperial myrmidon (Desolation)
  A reaper (Crypt:2)
  2 curse skulls
  14 ironheart preservers
  14 ghouls
  2 war gargoyles (Vaults:3)
  8 stone giants
  13 very ugly things
  6 entropy weavers
  5 vampire knights
  A minotaur (Gauntlet)
  A lorocyproca (Depths:2)
  A deep elf demonologist (Elf:1)
  A dire elephant (Gauntlet)
  4 ettins
  A crystal guardian (Desolation)
  2 ragged hierophants (Desolation)
  3 great orbs of eyes
  2 death oozes
  3 deep elf death magi
  3 fire dragons
  4 eidola
  8 jiangshi
  Josephine (D:11)
  11 ogre magi
  A deep elf high priest (Vaults:3)
  A servant of whispers (Desolation)
  Harold (D:11)
  7 yaktaur captains
  6 ice dragons
  5 rakshasas
  3 catoblepae
  2 peacekeepers (Desolation)
  A ghost crab (Swamp:3)
  22 hydras
  A shambling mangrove (Swamp:3)
  7 death knights
  15 vault guards
  Erica (D:8)
  An anaconda (shapeshifter) (D:14)
  9 centaur warriors
  A merfolk avatar (Lair:6)
  22 dancing weapons
  37 two-headed ogres
  10 alligators
  A deep troll shaman (Depths:1)
  3 tengu warriors (D:14)
  A two-headed ogre (shapeshifter) (D:5)
  3 deep troll earth magi
  9 vampire magi
  An orc high priest (Orc:2)
  8 hell knights
  16 deep elf knights
  2 storm dragon zombies
  A titan zombie (Crypt:1)
  A fire crab (shapeshifter) (Vaults:2)
  2 soul eaters
  A titan skeleton (Crypt:1)
  13 swamp dragons
  A storm dragon skeleton (Vaults:4)
  A spark wasp zombie (D:15)
  A shadow wraith (Vaults:3)
  8 wizards
  An anaconda zombie (Crypt:1)
  23 skeletal warriors
  A death drake (shapeshifter) (Vaults:4)
  9 deep elf archers
  7 deep trolls
  2 unseen horrors
  A quicksilver dragon simulacrum (Crypt:1)
  A flayed ghost (Crypt:1)
  A glowing orange brain (shapeshifter) (Vaults:4)
  12 ironbrand convokers
  A lindwurm (shapeshifter) (Vaults:3)
  An iron dragon zombie (D:15)
  16 orc knights
  2 harpies (shapeshifter)
  45 ball lightnings
  6 harpies
  6 phantasmal warriors
  10 necromancers
  46 deep elf magi
  2 fire giant zombies
  18 wolf spiders
  An orc sorcerer (Orc:2)
  7 shining eyes
  An oklob plant (Lair:4)
  58 ugly things
  A frost giant zombie (Crypt:1)
  11 cyclopes
  A salamander (shapeshifter) (Vaults:2)
  2 moths of wrath (Spider:3)
  8 orb spiders
  3 manticores
  An elephant (shapeshifter) (Vaults:4)
  A human skeleton (Vaults:4)
  4 centaur zombies
  3 black mambas
  5 toenail golems (Volcano)
  An eye of devastation (Slime:3)
  7 guardian serpents
  A nameless horror (Depths:2)
  10 vault sentinels
  13 elephants
  Psyche (D:11)
  14 spiny frogs
  3 torpor snails
  3 gargoyles
  A spriggan zombie (D:15)
  11 komodo dragons
  A shock serpent skeleton (Crypt:1)
  An efreet (D:9)
  7 rime drakes
  8 freezing wraiths
  A human zombie (Vaults:4)
  17 yaktaurs
  A rime drake (shapeshifter) (Vaults:2)
  A kobold demonologist (D:14)
  7 demonic crawlers
  A red devil (Depths:2)
  2 tengu conjurers (Depths:1)
  An ice devil (Depths:2)
  A jumping spider (shapeshifter) (Vaults:3)
  A queen ant zombie (Crypt:2)
  10 tyrant leeches
  11 hornets
  22 jumping spiders
  A harpy skeleton (Crypt:2)
  3 wind drakes (Lair:6)
  A meliai (shapeshifter) (D:14)
  12 trolls
  A polar bear (shapeshifter) (Vaults:1)
  6 polar bears (Lair:6)
  28 saltlings (Desolation)
  16 blink frogs
  An ice dragon zombie (Crypt:1)
  11 dream sheep (Lair:6)
  A stone giant simulacrum (Vaults:2)
  A dream sheep (shapeshifter) (Vaults:3)
  3 blink frogs (shapeshifter)
  Prince Ribbit (D:9)
  90 slime creatures
  A raiju (shapeshifter) (Elf:1)
  8 bog bodies
  10 hippogriffs
  2 flying skulls (Crypt:2)
  2 meliai zombies
  9 tarantellas
  2 spriggans (shapeshifter)
  38 redbacks
  A ynoxinul (Depths:2)
  Sigmund (D:5)
  7 shadows
  A spriggan (Depths:2)
  A tarantella (shapeshifter) (Vaults:2)
  60 yaks
  A vampire (D:5)
  A wyvern (D:14)
  3 fire elementals
  14 wraiths
  11 golden eyes
  4 basilisks
  A hog (shapeshifter) (Elf:2)
  18 vampire mosquitoes
  3 hungry ghosts
  10 wargs
  7 insubstantial wisps
  14 swamp worms
  3 large abominations (Elf:1)
  A soldier ant (D:14)
  17 water moccasins
  2 acid dragons
  An orb spider zombie (Crypt:1)
  A porcupine (shapeshifter) (Vaults:1)
  A floating eye (Slime:4)
  13 porcupines
  2 black bears
  62 orc warriors
  A deep troll simulacrum (Depths:1)
  4 ice beasts
  A merfolk skeleton (Crypt:1)
  6 eyes of draining
  6 sky beasts
  13 swamp drakes
  2 necrophages (Crypt:1)
  A phantom (D:7)
  40 ogres
  9 boggarts
  A snapping turtle skeleton (Crypt:2)
  10 wolves
  18 centaurs
  13 crocodiles
  A crocodile (shapeshifter) (Vaults:4)
  6 big kobolds
  3 elf zombies (Elf:1)
  23 bullfrogs
  A bullfrog (shapeshifter) (Vaults:2)
  A water moccasin zombie (D:5)
  2 earth elementals (Elf:1)
  A yaktaur skeleton (Crypt:1)
  A rime drake skeleton (Crypt:1)
  4 scorpions
  A wyvern skeleton (D:14)
  14 wights
  6 howler monkeys
  A yak skeleton (Crypt:2)
  4 electric eels
  8 crimson imps
  5 quasits
  2 bullfrog zombies
  8 hounds
  7 jellies
  13 orc priests
  6 centaur skeletons
  4 iguanas
  23 orc wizards
  9 worker ants
  A deep dwarf skeleton (Crypt:2)
  A hound zombie (D:9)
  2 hound skeletons
  A howler monkey skeleton (D:11)
  A worker ant zombie (D:7)
  11 adders
  A swamp drake zombie (Crypt:1)
  3 shadow imps
  An adder zombie (D:5)
  An iguana zombie (Crypt:1)
  2 oozes
  An adder skeleton (D:8)
  5 worms
  3 dart slugs
  8 leopard geckos
  101 orcs
  9 ball pythons
  8 giant cockroaches
  8 goblins
  4 hobgoblins
  18 jackals
  43 kobolds
  3 quokkas
  11 bats
  8 frilled lizards
  A jackal skeleton (D:4)
  An orc zombie (Crypt:1)
  A quokka skeleton (D:4)
  7 rats
  A bush (Lair:4)
  4 fulminant prisms
  19 fungi
  5 pillars of salt (Elf:2)
  23 plants
  2 withered plants (D:15)
1981 creatures vanquished.

Vanquished Creatures (collateral kills)
  Asterion (Depths:2)
  A fire giant (Depths:1)
  A frost giant (Depths:3)
  8 very ugly things
  6 stone giants
  2 ettins (Depths:3)
  A quicksilver dragon zombie (Depths:1)
  A fire dragon (Depths:2)
  3 jiangshi (Depths:3)
  5 great orbs of eyes
  2 rakshasas
  An ice dragon (Depths:3)
  7 two-headed ogres
  3 centaur warriors
  2 deep troll shamans (Depths:1)
  A vampire mage (Crypt:2)
  3 ogre magi
  2 spriggan berserkers
  6 deep troll earth magi
  5 hell knights (Depths:2)
  14 deep trolls
  A flayed ghost (Crypt:2)
  69 ball lightnings
  2 phantasmal warriors
  9 ugly things
  2 necromancers
  A frost giant zombie (Depths:1)
  A salamander (Depths:2)
  A kobold demonologist (Depths:3)
  7 yaktaurs
  A tengu conjurer (Depths:2)
  A hornet (Depths:2)
  2 slime creatures (Depths:2)
  3 flying skulls
  A water elemental (Depths:5)
  A spriggan (Depths:2)
  A neqoxec (Depths:2)
  4 centaurs
  2 ogres (Depths:3)
  A big kobold (Depths:3)
  2 crimson imps (Depths:2)
  2 fulminant prisms (Crypt:1)
189 creatures vanquished.

Vanquished Creatures (others)
  A centaur warrior (Depths:3)
  2011 ball lightnings
  4 yaktaurs (Depths:2)
  A centaur skeleton (D:9)
  An orc (D:9)
  1373 fulminant prisms
  7 fungi
  3 pillars of salt (Elf:2)
  42 plants
  4 toadstools (D:6)
3447 creatures vanquished.

Grand Total: 5617 creatures vanquished

Notes
Turn   | Place    | Note
-------+----------+-------------------------------------------
     0 | D:1      | Luthien the Gargoyle Conjurer began the quest for the Orb.
     0 | D:1      | Reached XP level 1. HP: 10/10 MP: 3/3
   428 | D:1      | Reached XP level 2. HP: 15/15 MP: 0/5
   928 | D:1      | Learned a level 2 spell: Searing Ray
  1195 | D:1      | Reached XP level 3. HP: 20/20 MP: 1/6
  1808 | D:2      | Reached skill level 1 in Fighting
  1869 | D:2      | Found a shimmering altar of Xom.
  2156 | D:1      | Reached XP level 4. HP: 19/25 MP: 1/7
  2277 | D:2      | Reached skill level 5 in Conjurations
  2999 | D:3      | Reached XP level 5. HP: 30/30 MP: 2/9
  4211 | D:3      | Found a basalt altar of Yredelemnul.
  4213 | D:3      | Found a hazy altar of Hepliaklqana.
  4213 | D:3      | Found a shimmering blue altar of Sif Muna.
  4289 | D:4      | Found a sacrificial altar of Ru.
  4297 | D:4      | Noticed a centaur
  4312 | D:5      | Entered Level 5 of the Dungeon
  4318 | D:5      | Reached XP level 6. HP: 36/36 MP: 5/10
  4413 | D:5      | Found a bloodstained altar of Trog.
  4416 | D:5      | Noticed a golden eye
  4425 | D:5      | Found a transporter.
  4425 | D:5      | Noticed an orc warrior
  4428 | D:5      | Noticed a vampire
  4432 | D:5      | Found a transporter.
  4578 | D:5      | Noticed a spriggan
  4581 | D:5      | Noticed a soldier ant
  4581 | D:5      | a spriggan changed into a soldier ant
  4594 | D:5      | Noticed a sky beast
  4594 | D:5      | a soldier ant changed into a sky beast
  4900 | D:5      | Noticed Sigmund
  4953 | D:6      | Found a staircase to the Ecumenical Temple.
  5197 | D:6      | Reached XP level 7. HP: 41/41 MP: 7/12
  5213 | D:6      | Found a glowing drain.
  5275 | Sewer    | Entered a sewer
  6932 | Temple   | Entered the Ecumenical Temple
  6942 | Temple   | Became a worshipper of Vehumet
  6966 | D:6      | Got an encrusted mace
  7084 | D:5      | Learned a level 4 spell: Fulminant Prism
  7275 | D:4      | Found Cuzi Soe's Antique Weapon Shoppe.
  7358 | D:4      | Found a snail-covered altar of Cheibriados.
  7690 | D:4      | Found Goibag's Gadget Boutique.
  8108 | D:7      | Reached XP level 8. HP: 47/48 MP: 1/14
  8366 | D:7      | Reached skill level 5 in Fighting
  8462 | D:7      | Got a sheer robe
  8501 | D:7      | Reached * piety under Vehumet
  8501 | D:7      | Offered knowledge of Foxfire by Vehumet.
  8618 | D:7      | Reached skill level 5 in Spellcasting
  8618 | D:7      | Reached skill level 1 in Hexes
  8662 | D:7      | Learned a level 4 spell: Iskenderun's Mystic Blast
  8899 | D:7      | Found Cuepp's Distillery.
  8915 | D:7      | Bought a potion of curing for 48 gold pieces
  8915 | D:7      | Bought a potion of heal wounds for 80 gold pieces
  8915 | D:7      | Bought a potion of magic for 128 gold pieces
  8915 | D:7      | Bought a potion of haste for 160 gold pieces
  8915 | D:7      | Bought a potion of brilliance for 64 gold pieces
  8948 | D:7      | Reached skill level 1 in Translocations
  9168 | D:7      | Reached XP level 9. HP: 55/55 MP: 13/17
  9369 | D:7      | Identified the +1 robe of Fus Iptaomo {rElec rF- Int+7
                  | Stlth+} (You found it on level 7 of the Dungeon)
  9589 | D:8      | Identified the +9 mace of Sloth {freeze, rC+ Str+3} (You
                  | found it on level 6 of the Dungeon)
  9907 | D:8      | Noticed a brown ugly thing
 10273 | D:8      | Killed a brown ugly thing
 10273 | D:8      | Reached skill level 1 in Shields
 10555 | D:8      | Noticed a two-headed ogre
 10684 | D:8      | Killed a two-headed ogre
 11324 | D:9      | Reached XP level 10. HP: 50/61 MP: 7/19
 11327 | D:9      | Reached skill level 5 in Hexes
 11327 | D:9      | Reached ** piety under Vehumet
 11327 | D:9      | Offered knowledge of Sandblast by Vehumet.
 11642 | D:9      | Noticed Prince Ribbit
 11648 | D:9      | Killed Prince Ribbit
 11902 | D:9      | Noticed Erica
 11925 | D:8      | Killed Erica
 12015 | D:9      | Offered knowledge of Ignite Poison by Vehumet.
 12025 | D:9      | Reached skill level 10 in Conjurations
 12325 | D:9      | Reached *** piety under Vehumet
 12325 | D:9      | Reached XP level 11. HP: 69/69 MP: 9/22
 12778 | D:10     | Entered Level 10 of the Dungeon
 13032 | D:10     | Noticed a two-headed ogre
 13055 | D:10     | Killed a two-headed ogre
 13218 | D:10     | Offered knowledge of Static Discharge by Vehumet.
 13452 | D:10     | Noticed a white ugly thing
 13461 | D:10     | Killed a white ugly thing
 13911 | D:10     | Noticed a two-headed ogre
 13920 | D:10     | Killed a two-headed ogre
 14217 | D:9      | Reached **** piety under Vehumet
 14409 | D:9      | Offered knowledge of Hailstorm by Vehumet.
 14705 | D:5      | Found a sparkling altar of Nemelex Xobeh.
 14725 | D:5      | Killed Sigmund
 15478 | D:11     | Noticed Psyche
 15481 | D:11     | Killed Psyche
 15528 | D:11     | Noticed Gastronok
 15691 | D:11     | Noticed Josephine
 15692 | D:11     | Reached skill level 10 in Fighting
 15698 | D:11     | Killed Josephine
 15701 | D:11     | Found a gate leading to a gauntlet.
 15777 | Gauntlet | Entered a Gauntlet
 15777 | Gauntlet | Found a transporter.
 15777 | Gauntlet | Found a transporter.
 15783 | Gauntlet | Found a transporter.
 15786 | Gauntlet | Noticed a death ooze
 15804 | Gauntlet | Found a transporter.
 15812 | Gauntlet | Found a transporter.
 15812 | Gauntlet | Found a transporter.
 15812 | Gauntlet | Noticed a catoblepas
 15813 | Gauntlet | Found a transporter.
 15816 | Gauntlet | Found a transporter.
 15816 | Gauntlet | Found a transporter.
 15820 | Gauntlet | Found a runed translucent door.
 15820 | Gauntlet | Found a runed translucent door.
 15830 | Gauntlet | Found a transporter.
 15831 | Gauntlet | Found the +2 cloak of the Thief {+Fog Slay-2 SInv Stlth+}
 15844 | Gauntlet | Noticed a dire elephant
 15846 | Gauntlet | Found a transporter.
 15853 | Gauntlet | Noticed a cacodemon
 15856 | Gauntlet | Found a transporter.
 15871 | Gauntlet | Found a transporter.
 15893 | Gauntlet | Found a transporter.
 15962 | Gauntlet | Killed a death ooze
 15962 | Gauntlet | Reached XP level 12. HP: 78/78 MP: 17/25
 16022 | Gauntlet | Killed a catoblepas
 16136 | Gauntlet | Killed a dire elephant
 16160 | Gauntlet | Identified a scroll of acquirement
 16237 | Gauntlet | Noticed a minotaur
 16264 | Gauntlet | Killed a minotaur
 16264 | Gauntlet | Reached skill level 1 in Armour
 16368 | Gauntlet | Got a fading quarterstaff
 16374 | Gauntlet | Identified the +7 quarterstaff of Slime {vorpal, *Rage
                  | +Rage rElec Str+4} (You found it in a Gauntlet)
 16464 | D:11     | Reached skill level 1 in Evocations
 16464 | D:11     | Reached ***** piety under Vehumet
 16464 | D:11     | Offered knowledge of Ozocubu's Refrigeration by Vehumet.
 16893 | D:11     | Found a staircase to the Lair.
 17079 | D:11     | Killed Gastronok
 17152 | D:11     | Noticed Harold
 17164 | D:11     | Killed Harold
 17164 | D:11     | Reached skill level 10 in Spellcasting
 17369 | D:11     | Found a staircase to the Orcish Mines.
 17648 | Lair:1   | Entered Level 1 of the Lair of Beasts
 17654 | Lair:1   | Reached skill level 5 in Armour
 18656 | Lair:2   | Noticed an eight-headed hydra
 18666 | Lair:2   | Killed an eight-headed hydra
 18666 | Lair:2   | Reached XP level 13. HP: 85/85 MP: 18/27
 18818 | Lair:2   | Got an ancient quarterstaff
 20380 | Lair:2   | Identified the +3 quarterstaff of the Vaults {protect,
                  | +Rage Stlth+} (You found it on level 2 of the Lair of
                  | Beasts)
 20768 | Lair:3   | You fall into a shaft and drop 3 floors!
 20768 | Lair:6   | Entered Level 6 of the Lair of Beasts
 20876 | Lair:5   | Reached skill level 5 in Evocations
 21130 | Lair:5   | Found a viscous altar of Jiyva.
 21130 | Lair:5   | Found a staircase to the Slime Pits.
 21269 | Lair:5   | Got a warped scimitar
 21270 | Lair:5   | Identified the +7 scimitar "Wextayw" {protect, *Corrode rF-
                  | rC+++ MR+++} (You found it on level 5 of the Lair of
                  | Beasts)
 21658 | Lair:5   | Found a bloodstained altar of Trog.
 21928 | Lair:4   | Found a dark tunnel.
 21961 | Volcano  | Entered a volcano
 22097 | Volcano  | Offered knowledge of Conjure Ball Lightning by Vehumet.
 22271 | Volcano  | Learned a level 6 spell: Conjure Ball Lightning
 22446 | Lair:4   | Reached skill level 1 in Air Magic
 22779 | D:11     | Upgraded the game from 0.25.0-11-g1f837a76a1 to
                  | 0.25.0-15-gac7dcb8919
 22992 | Lair:4   | Gained mutation: Your large and strong wings let you fly
                  | indefinitely. [Gargoyle growth]
 22992 | Lair:4   | Reached XP level 14. HP: 94/94 MP: 21/29
 24466 | Lair:4   | Found a staircase to the Swamp.
 25062 | Lair:3   | Found a hole to the Spider Nest.
 25533 | D:12     | Noticed Rupert
 25748 | D:12     | Reached skill level 15 in Conjurations
 25756 | D:12     | Reached skill level 5 in Air Magic
 26164 | D:12     | Paralysed by Rupert for 3 turns
 26271 | D:12     | Killed Rupert
 27817 | D:13     | Found a stormy altar of Qazlal.
 28342 | D:14     | Reached XP level 15. HP: 101/101 MP: 10/30
 28476 | D:14     | Reached skill level 15 in Fighting
 28616 | D:14     | Found a basalt altar of Yredelemnul.
 28675 | D:14     | Found a runed translucent door.
 28676 | D:14     | Noticed Zened's ghost (journeyman FoFi)
 29128 | D:14     | Found a gate to the Vaults.
 30776 | D:14     | Noticed a fire giant
 30782 | D:14     | Killed a fire giant
 30903 | D:14     | Offered knowledge of Freezing Cloud by Vehumet.
 31397 | Swamp:1  | Entered Level 1 of the Swamp
 31405 | Swamp:1  | Noticed a thorn hunter
 31411 | Swamp:1  | Killed a thorn hunter
 32074 | Swamp:1  | Reached XP level 16. HP: 88/110 MP: 9/32
 33329 | Swamp:2  | Found a runed translucent door.
 34173 | Swamp:3  | Offered knowledge of Starburst by Vehumet.
 35677 | Spider:1 | Entered Level 1 of the Spider Nest
 37600 | Spider:2 | Found a runed translucent door.
 37601 | Spider:2 | Noticed Reotenn's ghost (adept DDFi)
 37694 | Spider:2 | Noticed Arachne
 37937 | Spider:2 | Killed Arachne
 38274 | Spider:2 | Reached XP level 17. HP: 71/117 MP: 24/34
 40516 | Spider:3 | Reached ****** piety under Vehumet
 40932 | Orc:1    | Entered Level 1 of the Orcish Mines
 40987 | Orc:1    | Offered knowledge of Fireball by Vehumet.
 41573 | Orc:2    | Entered Level 2 of the Orcish Mines
 42508 | Orc:2    | Found Wedosyc's Distillery.
 42508 | Orc:2    | Found Huvikk's Distillery.
 42522 | Orc:2    | Bought a potion of stabbing for 60 gold pieces
 42705 | Orc:2    | Offered knowledge of Orb of Destruction by Vehumet.
 43448 | Orc:2    | Found a roughly hewn altar of Beogh.
 43578 | Orc:2    | Found Gutreme's Distillery.
 43578 | Orc:2    | Found Peujyem's Antique Armour Boutique.
 43592 | Orc:2    | Bought a glowing tower shield for 187 gold pieces
 43592 | Orc:2    | Bought a heavy robe for 142 gold pieces
 43612 | Orc:2    | Identified the cursed +1 robe "Ocsig" {Int+6 Dex+3 SInv}
                  | (You bought it in a shop on level 2 of the Orcish Mines)
 43630 | Orc:2    | Found a staircase to the Elven Halls.
 43641 | Orc:2    | Found a roughly hewn altar of Beogh.
 43749 | Orc:2    | Bought a potion of heal wounds for 75 gold pieces
 43758 | Orc:2    | Bought a potion of magic for 80 gold pieces
 43758 | Orc:2    | Bought a potion of haste for 100 gold pieces
 43758 | Orc:2    | Bought 2 potions of heal wounds for 100 gold pieces
 43758 | Orc:2    | Bought a potion of resistance for 100 gold pieces
 43789 | Orc:2    | Bought a potion of haste for 150 gold pieces
 43789 | Orc:2    | Bought a potion of magic for 120 gold pieces
 43789 | Orc:2    | Bought 2 potions of magic for 240 gold pieces
 43789 | Orc:2    | Bought a potion of heal wounds for 75 gold pieces
 43789 | Orc:2    | Bought 2 potions of resistance for 300 gold pieces
 43798 | Orc:2    | Bought a pair of gloves for 112 gold pieces
 44685 | Lair:6   | Offered knowledge of Spellforged Servitor by Vehumet.
 44778 | Lair:6   | Reached skill level 5 in Stealth
 45201 | Lair:6   | Reached skill level 10 in Air Magic
 46042 | Lair:6   | Learned a level 7 spell: Spellforged Servitor
 46242 | Slime:1  | Entered Level 1 of the Pits of Slime
 46367 | Slime:1  | Gained mutation: You expend magic power (3 MP) to
                  | strengthen your wands. [a shining eye]
 46543 | Slime:3  | Noticed an acid blob
 46549 | Slime:3  | Noticed an acid blob
 46549 | Slime:3  | Reached XP level 18. HP: 56/125 MP: 17/36
 46651 | Slime:2  | Gained mutation: You are clumsy. (Dex -2) [a shining eye]
 47609 | Swamp:4  | Entered Level 4 of the Swamp
 47609 | Swamp:4  | Noticed Mara
 47781 | Swamp:4  | Reached skill level 5 in Dodging
 47831 | Swamp:4  | Noticed the 27-headed Lernaean hydra
 48039 | Swamp:4  | Reached skill level 5 in Shields
 48165 | Swamp:4  | Noticed Luthien's illusion
 48297 | Swamp:4  | Killed Mara
 48455 | Swamp:4  | Killed the 27-headed Lernaean hydra
 48992 | Swamp:4  | Got a decaying rune of Zot
 49621 | Vaults:1 | Entered Level 1 of the Vaults
 50787 | Vaults:1 | Offered knowledge of Lehudib's Crystal Spear by Vehumet.
 50787 | Vaults:1 | Offered knowledge of Chain Lightning by Vehumet.
 50787 | Vaults:1 | Offered knowledge of Absolute Zero by Vehumet.
 50805 | Vaults:1 | Reached XP level 19. HP: 130/130 MP: 28/37
 51362 | Vaults:1 | Found Vuggimm's Antique Armour Shoppe.
 51367 | Vaults:1 | Bought a runed scale mail for 147 gold pieces
 51367 | Vaults:1 | Bought a pair of runed gloves for 157 gold pieces
 51367 | Vaults:1 | Bought a pair of translucent boots for 199 gold pieces
 51367 | Vaults:1 | Bought a spiked scale mail for 189 gold pieces
 51406 | Vaults:1 | Identified the +0 pair of boots of the Will of the Gods
                  | {Str+4 SInv} (You bought it in a shop on level 1 of the
                  | Vaults)
 51412 | Vaults:1 | Identified the +1 scale mail "Edawk" {Dex+3} (You bought it
                  | in a shop on level 1 of the Vaults)
 51642 | Vaults:1 | Found a runed translucent gate.
 51642 | Vaults:1 | Found a runed translucent gate.
 51642 | Vaults:1 | Found a runed translucent gate.
 51643 | Vaults:1 | Noticed Ugguttuj's ghost (veteran DrWn)
 52018 | Vaults:2 | Got a smoking helmet
 52033 | Vaults:2 | Reached skill level 10 in Shields
 52422 | Vaults:2 | Found a runed translucent door.
 53133 | Vaults:2 | Found Puafad's Gadget Emporium.
 53147 | Vaults:2 | Bought a phantom mirror for 570 gold pieces
 53147 | Vaults:2 | Bought a wand of disintegration (10) for 266 gold pieces
 53147 | Vaults:2 | Bought a box of beasts for 380 gold pieces
 53147 | Vaults:2 | Bought a wand of flame (17) for 180 gold pieces
 53157 | Vaults:2 | Identified the +1 helmet of the Onion {+Blink} (You found
                  | it on level 2 of the Vaults)
 53961 | Vaults:2 | Noticed Margery
 53971 | Vaults:2 | Killed Margery
 54901 | Vaults:2 | Noticed Guecedgh's ghost (veteran OpWn)
 55009 | Vaults:3 | Reached skill level 15 in Air Magic
 55344 | Vaults:3 | Reached XP level 20. HP: 112/136 MP: 13/38
 55518 | Vaults:3 | Found a staircase to the Crypt.
 55575 | Vaults:3 | Found Ceirilom's Magic Scroll Boutique.
 55623 | Vaults:3 | Found a flickering gateway to a bazaar.
 55651 | Bazaar   | Entered a bazaar
 55651 | Bazaar   | Found Jeesch's Weapon Shop.
 55651 | Bazaar   | Found Xeanob's Food Emporium.
 55657 | Bazaar   | Found Pitesus's Assorted Antiques.
 55669 | Bazaar   | Bought a potion of curing for 90 gold pieces
 55669 | Bazaar   | Bought a runed leather armour for 150 gold pieces
 55669 | Bazaar   | Bought a glowing dagger for 150 gold pieces
 55669 | Bazaar   | Bought a scroll of fog for 60 gold pieces
 55690 | Bazaar   | Bought a ration for 40 gold pieces
 55690 | Bazaar   | Bought a ration for 40 gold pieces
 55690 | Bazaar   | Bought a ration for 40 gold pieces
 55690 | Bazaar   | Bought a ration for 40 gold pieces
 55690 | Bazaar   | Bought a ration for 40 gold pieces
 55690 | Bazaar   | Bought a ration for 40 gold pieces
 55690 | Bazaar   | Bought a ration for 40 gold pieces
 55690 | Bazaar   | Bought a ration for 40 gold pieces
 55690 | Bazaar   | Bought a ration for 40 gold pieces
 55690 | Bazaar   | Bought a ration for 40 gold pieces
 55690 | Bazaar   | Bought a ration for 40 gold pieces
 55690 | Bazaar   | Bought a ration for 40 gold pieces
 55690 | Bazaar   | Bought a ration for 40 gold pieces
 55696 | Bazaar   | Found Plog's General Store.
 55699 | Bazaar   | Found Joanuaph's Distillery.
 55735 | Bazaar   | Bought the amulet of Cetsoif {+Fly Regen+ Str-3 Slay+6
                  | SInv} for 622 gold pieces
 55735 | Bazaar   | Bought a ration for 50 gold pieces
 55735 | Bazaar   | Bought a scroll of torment for 75 gold pieces
 56531 | Vaults:3 | Identified the +1 battleaxe of Angimonn {flame, rC+}
 56740 | Vaults:3 | Identified the +7 plate armour of Mezcal {Int+5}
 56891 | Vaults:3 | Found Qauddud's Magic Scroll Shoppe.
 56965 | Vaults:3 | Bought a scroll of blinking for 165 gold pieces
 57946 | Vaults:3 | Identified the +8 scimitar "Ronoxkuc" {vorpal, rF+ rN+
                  | SInv}
 59115 | Vaults:4 | Noticed Saint Roka
 59127 | Vaults:4 | Reached XP level 21. HP: 129/141 MP: 23/39
 59250 | Vaults:4 | Killed Saint Roka
 62222 | D:4      | Bought a polished flail for 229 gold pieces
 62222 | D:4      | Bought a masterwork trident for 229 gold pieces
 62222 | D:4      | Bought a glowing long sword for 175 gold pieces
 62223 | D:4      | Identified the +8 flail "Gram" {flame, *Noise rF- rN+++
                  | Dex+10} (You bought it in a shop on level 4 of the Dungeon)
 62224 | D:4      | Identified the +8 trident of Analysis {freeze, *Slow rElec
                  | MR+ Dex+3} (You bought it in a shop on level 4 of the
                  | Dungeon)
 62234 | D:4      | Upgraded the game from 0.25.0-15-gac7dcb8919 to
                  | 0.25.0-26-g0c896c7088
 63436 | Slime:3  | Gained mutation: Your magical capacity is low. (-10% MP) [a
                  | shining eye]
 63529 | Slime:3  | Reached skill level 10 in Armour
 63530 | Slime:3  | Gained mutation: You are occasionally teleported next to
                  | monsters. [a shining eye]
 63672 | Orc:2    | Bought a potion of mutation for 120 gold pieces
 63786 | D:7      | Bought a potion of mutation for 128 gold pieces
 63861 | D:11     | Lost mutation: Your magical capacity is low. (-10% MP)
                  | [potion of mutation]
 63861 | D:11     | Lost mutation: You are clumsy. (Dex -2) [potion of
                  | mutation]
 63861 | D:11     | Gained mutation: You have large cloven feet. [potion of
                  | mutation]
 63861 | D:11     | Gained mutation: You have a somewhat thin skeletal
                  | structure. (Dex +2, Stealth) [potion of mutation]
 63862 | D:11     | Lost mutation: You expend magic power (3 MP) to strengthen
                  | your wands. [potion of mutation]
 63862 | D:11     | Gained mutation: You can translocate small distances at
                  | will. [potion of mutation]
 63862 | D:11     | Gained mutation: You are partially covered in iridescent
                  | scales. (AC +2) [potion of mutation]
 63862 | D:11     | Gained mutation: You evolve. [potion of mutation]
 63863 | D:11     | Lost mutation: You have large cloven feet. [potion of
                  | mutation]
 63863 | D:11     | Lost mutation: You can translocate small distances at will.
                  | [potion of mutation]
 63863 | D:11     | Lost mutation: You evolve. [potion of mutation]
 63863 | D:11     | Gained mutation: You occasionally shout uncontrollably at
                  | your foes. [potion of mutation]
 63863 | D:11     | Gained mutation: You are resistant to hostile enchantments.
                  | (MR+) [potion of mutation]
 63863 | D:11     | Gained mutation: You have sharp toenails. [potion of
                  | mutation]
 64422 | Slime:4  | Paralysed by a floating eye for 4 turns
 64508 | Slime:4  | Reached XP level 22. HP: 94/147 MP: 12/40
 64615 | Slime:4  | Gained mutation: Your body sometimes deteriorates upon
                  | taking damage. [a shining eye]
 64617 | Slime:4  | Gained mutation: You sometimes yell uncontrollably at your
                  | foes. [a shining eye]
 64743 | Slime:4  | Found a viscous altar of Jiyva.
 65241 | Elf:1    | Entered Level 1 of the Elven Halls
 65961 | Elf:1    | Identified Riesm's Compendium of Sinister Rites
 66262 | Elf:2    | Found a ruined gateway.
 66272 | Desolati | Entered the Desolation of Salt
 67022 | Elf:2    | Found a runed translucent gate.
 67022 | Elf:2    | Found a runed translucent gate.
 67022 | Elf:2    | Found a runed translucent gate.
 67868 | Crypt:1  | Entered Level 1 of the Crypt
 68028 | Vaults:3 | Reached skill level 1 in Summonings
 68976 | Vaults:3 | Reached XP level 23. HP: 140/152 MP: 7/41
 70233 | D:11     | Learned a level 8 spell: Chain Lightning
 70815 | Crypt:1  | Reached skill level 5 in Summonings
 70868 | Crypt:1  | Noticed an ancient lich
 72104 | Crypt:1  | Identified the +3 hand axe "Wablero" {holy, rPois Str+4
                  | Int+4}
 73725 | D:15     | Entered Level 15 of the Dungeon
 73768 | D:15     | Found a staircase to the Depths.
 74107 | D:15     | Got a smoking zirconium amulet
 74108 | D:15     | Identified the amulet "Tonwet Ipie" {rF+ Regen+} (You found
                  | it on level 15 of the Dungeon)
 74467 | D:15     | Found Synagor's Antique Weapon Shoppe.
 74861 | D:15     | Found a shimmering blue altar of Sif Muna.
 74999 | Depths:1 | Entered Level 1 of the Depths
 75624 | Depths:2 | Found a gateway to a ziggurat.
 75655 | Depths:2 | Noticed Asterion
 75666 | Depths:2 | Killed Asterion
 75666 | Depths:2 | Noticed a golden dragon
 75947 | Depths:2 | Found a gateway to Hell.
 76157 | Depths:2 | Lost mutation: You have a somewhat thin skeletal structure.
                  | (Dex +2, Stealth) [a neqoxec]
 76188 | Depths:2 | Killed a golden dragon
 76293 | Depths:2 | Found a one-way gate leading to the halls of Pandemonium.
 77541 | Depths:1 | Reached XP level 24. HP: 156/157 MP: 13/41
 79042 | Depths:1 | Identified the Papyrus of Spatial Confrontation
 80387 | Depths:3 | Found a one-way gate to the infinite horrors of the Abyss.
 80478 | Depths:3 | Found a large runed translucent door.
 80637 | Depths:3 | You are sucked into a shaft and drop 2 floors!
 80637 | Depths:5 | Entered Level 5 of the Depths
 80680 | Depths:5 | Found Vafucaig's Assorted Antiques.
 80685 | Depths:5 | HP: 4/157 [deep troll earth mage/Lee's Rapid Deconstruction
                  | (12)]
 80685 | Depths:5 | Killed from afar by a fire dragon

Illustrated notes

Levels and vault maps discovered:
D:1:      dpeg_arrival_tiny_k, layout_basic
D:2:      layout_loops_ring, nicolae_overflow_crystal_walls, first_ration,
          minmay_quantized
D:3:      layout_loops_ring, grunt_temple_overflow_diamond
D:4:      layout_rooms, lemuel_round_altar, kennysheep_slug_shrine,
          serial_shops, nicolae_shop_overgrown_old_shop, shop_statue,
          hangedman_abyss_or_decor_lesser_grid
D:5:      layout_basic, gammafunk_temple_overflow_arena, nemelex_altar_shiori,
          minmay_misc_feat_tiny, uniq_sigmund
D:6:      layout_basic, minmay_temple_entry_slanted, portal_sewer_entry_f,
          minmay_gold_behind_fungi, minmay_misc_feat_more_columns,
          minmay_crystal_water, kennysheep_nub
D:7:      layout_rooms, serial_shops, shop, grunt_ogre_cave
D:8:      layout_gridville, serial_co_window_serial, co_window_paths_a,
          co_window_corner_a, co_window_of_opportunity_a, co_window_paths_b,
          co_window_paths_a, co_window_corner_b, co_window_of_opportunity_c,
          co_window_corner_b, co_window_paths_d, co_window_4corner_a,
          glass_columns_a, glass_columns_a, glass_columns_a
D:9:      layout_gridville, uniq_prince_ribbit1, uniq_erica
D:10:     layout_long_grid
D:11:     layout_roguey, lair_entry_dummy, orc_0_dummy, gauntlet_entry_generic,
          uniq_psyche, uniq_harold, uniq_josephine, uniq_gastronok
D:12:     layout_cave_pools, uniq_rupert
D:13:     layout_basic, nicolae_qazlal_eye_of_the_storm
D:14:     kennysheep_snake, layout_long_grid, erik_vaults_1,
          ebering_ghost_reflecting_pool, basic_altar, grunt_potential
D:15:     gammafunk_depths_entry_grave, layout_loops_ring,
          hangedman_decor_peaks_small, serial_shops, shop,
          minmay_misc_feat_rows, lemuel_blue_sif_altar
Temple:   nicolae_temple_great_sept
Lair:1:   layout_loops_ring
Lair:2:   layout_cave_pods
Lair:3:   layout_loops_ring, nicolae_spider_entry_non_spiders,
          serial_bayou_shore_a
Lair:4:   cheibrodos_lair_overgrown_chateau, layout_cave_shapes,
          nicolae_swamp_entry_splash_gauntlet, nicolae_volcano_entry_s_turn,
          minmay_lair_oklob_items, st_stairs_8
Lair:5:   layout_small_grid, dpeg_slime_entry_enclosed_altar, basic_altar
Lair:6:   gammafunk_lair_ancient_temple, layout_regular_city,
          kilobyte_rumbling_trees
Swamp:1:  layout_falls_marsh, evilmike_swamp_ruin_house_1, swamp_pool2
Swamp:2:  gammafunk_mikee_crab_dinner, layout_basic_swamp,
          evilmike_swamp_ruin_house_5
Swamp:3:  layout_falls_marsh, evilmike_swamp_ruin_house_2
Swamp:4:  swamp_old_school, layout_basic_swamp, infiniplex_staircase_pool_2,
          uniq_mara
Spider:1: layout_spider_delve, guppyfry_spider_mini_1
Spider:2: layout_spider_delve, gammafunk_ghost_grave, nicolae_spider_nook,
          uniq_arachne
Spider:3: layout_spider_delve
Slime:1:  layout_caves
Slime:2:  layout_caves
Slime:3:  layout_caves
Slime:4:  layout_caves, basic_altar
Orc:1:    layout_caves
Orc:2:    st_orc_town, layout_caves, mines2_david
Elf:1:    minmay_elf_arrival_circle, layout_rooms, minmay_elf_necromancy,
          st_stairs_9
Elf:2:    layout_geoelf_grid, portal_desolation_entry_garden,
          lemuel_flame_loot_1
Vaults:1: gammafunk_vaults_ghost_spectres, nicolae_vaults_what_the_h,
          nicolae_vaults_inception_corners, vaults_dpeg_cross, v_rooms_4,
          nicolae_vaults_rhombus_5, grunt_vaults_twisty, vaults_room_fours,
          nicolae_vaults_stairing_the_circle, ontoclasm_vaults_loading_screen,
          ontoclasm_vaults_decontamination, vaults_mumra_chevron_long,
          layout_vaults_omnibox, serial_shops, shop
Vaults:2: ebering_vaults_ghost_reflecting_pool, nicolae_vaults_angled_halls,
          ontoclasm_vaults_spin, dpeg_vaults_waves, hangedman_vaults_impose,
          nicolae_vaults_rhombus_6, ontoclasm_vaults_ring_small,
          ontoclasm_vaults_twist, v_alt_pattern_5, layout_vaults_omnigrid,
          serial_shops, shop, uniq_margery
Vaults:3: v_misc_24, vaults_room_stairs_pillars, nicolae_vaults_big_ls,
          vaults_room_fancy_cross, ontoclasm_vaults_idyll, st_greater_box_1,
          v_misc_12, minmay_crypt_entry_simple_plaza, grunt_vaults_swirl,
          nicolae_vaults_specimen_jars, v_misc_18, ontoclasm_vaults_fault,
          vaults_dpeg_hooks, layout_vaults_maze, serial_shops, bzr_entry_dummy,
          shop, shop
Vaults:4: st_check, hangedman_vaults_variations, v_alt_pattern_1,
          ontoclasm_vaults_ring_large, nicolae_vaults_asterisk, v_misc_24,
          v_misc_9, nicolae_vaults_windows_and_doors_thing,
          nicolae_vaults_little_squares_1, ontoclasm_vaults_tryst,
          ontoclasm_vaults_chip, hangedman_vaults_trim, v_misc_10,
          ontoclasm_vaults_ring_large, nicolae_vaults_little_squares_1,
          layout_vaults_omnicross, uniq_saint_roka
Crypt:1:  grunt_deathspiral_small, layout_rooms
Crypt:2:  layout_basic
Depths:1: layout_basic, hangedman_abyss_or_decor_jellyfish_corner,
          grunt_hell_entry_dis_mu, kennysheep_just_a_vault
Depths:2: lemuel_flame_loot_2, layout_honeycomb, enter_ziggurat_b,
          pf_dread_powers_of_hell, rand_demon_pan_entry_7, uniq_asterion
Depths:3: lightli_eight_chambers, layout_cave_shapes, corexii_hall_statues_s,
          pf_coc_iceberg, marbit_kobold_abyss_entry, pan_entry,
          grunt_decor_resistance, infiniplex_staircase_zigzag_5
Depths:5: evilmike_zot_entry_basic, layout_cave_pools,
          chequers_serial_rivers_small_b, pf_hell_entry_tar_spiral,
          serial_shops, shop, shop_fountains, shop, shop, gammafunk_ghost_ooze,
          roderic_roman_lattice

Skill      XL: |  1  2  3  4  5  6  7  8  9 10 11 12 13 14 15 16 17 18 19 20 21 22 23 24 |
---------------+-------------------------------------------------------------------------+-----
Dodging        | 2 3 5 |  5.0
Fighting       | 1 2 3 4 5 6 8 10 11 13 14 16 17 18 | 18.1
Stealth        | 3 4 5 |  5.0
Conjurations   | 5 6 7 8 9 10 11 12 14 15 16 17 18 20 | 20.9
Spellcasting   | 3 4 5 6 7 9 10 11 12 13 14 | 14.1
Hexes          | 2 4 5 |  5.0
Translocations | 1 3 |  3.0
Shields        | 3 4 9 10 14 | 14.1
Armour         | 5 11 12 | 12.0
Evocations     | 3 5 |  5.0
Air Magic      | 2 8 9 10 12 15 17 18 19 20 | 20.2
Summonings     | 3 8 |  8.1

Action                   |  1- 3 |  4- 6 |  7- 9 | 10-12 | 13-15 | 16-18 | 19-21 | 22-24 || total
-------------------------+-------+-------+-------+-------+-------+-------+-------+-------++-------
Melee: Dagger            |     9 |       |       |       |       |       |       |       ||     9
       Hunting sling     |       |       |     5 |       |       |       |       |       ||     5
       Mace              |       |       |     1 |    10 |    15 |     5 |       |       ||    31
       Staff             |       |       |       |    14 |    38 |    26 |       |       ||    78
       Scimitar          |       |       |       |       |       |     1 |    29 |   329 ||   359
 Fire: Hunting sling     |     4 |     4 |     2 |       |       |       |       |       ||    10
Throw: Stone             |       |       |       |       |       |       |       |     1 ||     1
 Cast: Magic Dart        |    77 |    72 |    85 |    74 |   104 |    54 |    19 |    45 ||   530
       Searing Ray       |     1 |    17 |    62 |    50 |    89 |    76 |    35 |    70 ||   400
       Fulminant Prism   |       |       |    21 |   149 |   204 |   328 |   200 |   482 ||  1384
       Iskenderun's Myst |       |       |       |     1 |     1 |       |     1 |    15 ||    18
       Conjure Ball Ligh |       |       |       |       |    96 |   245 |   281 |    74 ||   696
       Spellforged Servi |       |       |       |       |       |       |       |    78 ||    78
 Abil: Fly               |       |       |       |       |     1 |       |       |       ||     1
Evoke: Lightning rod     |       |       |       |       |       |     7 |       |       ||     7
       Wand              |       |       |       |       |       |     3 |       |     1 ||     4
  Use: Scroll            |       |     6 |     7 |     8 |    13 |     3 |     5 |    13 ||    55
       Potion            |       |       |       |     4 |     2 |     5 |     5 |    15 ||    31
 Stab: Distracted        |       |       |       |       |       |       |       |     8 ||     8
  Eat: Chunk             |     5 |     7 |    16 |    24 |    42 |    58 |    68 |    53 ||   273
       Ration            |       |     1 |     2 |     1 |     7 |     9 |     4 |     9 ||    33
Armor: Leather armour    |    25 |     1 |       |     7 |       |       |       |       ||    33
       Robe              |       |    10 |    18 |    46 |   143 |   108 |    14 |       ||   339
       Ring mail         |       |       |       |     4 |       |       |       |       ||     4
       Skin              |       |       |       |       |     4 |       |     8 |       ||    12
       Scale mail        |       |       |       |       |    17 |       |       |       ||    17
       Swamp dragon scal |       |       |       |       |     3 |   277 |       |       ||   280
       Fire dragon scale |       |       |       |       |       |       |   123 |   784 ||   907
Dodge: Dodged            |    21 |     6 |    42 |    88 |   127 |   259 |    62 |   314 ||   919
Block: Kite shield       |       |       |     6 |     8 |   100 |       |       |       ||   114
       Buckler           |       |       |       |       |    17 |   128 |       |   260 ||   405
       Tower shield      |       |       |       |       |       |    90 |   177 |   214 ||   481
       Reflection        |       |       |       |       |       |    14 |    41 |    10 ||    65
       Rpst.: Scimitar   |       |       |       |       |       |     6 |    11 |    70 ||    87
